 Dungeon Sprint DCSS version 0.19.5 (webtiles) character file.

2550 Mesmaeker13 the Fighter (level 9, -11/85 HPs)
             Began as a Formicid Fighter on Apr 4, 2017.
             Was a Priest of Okawaru.
             Mangled by a deep troll (12 damage)
             ... in the Dungeon (Sprint I: "Red Sonja").
             The game lasted 00:03:20 (1988 turns).

Mesmaeker13 the Fighter (Formicid Fighter)          Turns: 1988, Time: 00:03:20

Health: -11/85     AC:  9    Str: 23    XL:     9   Next: 86%
Magic:  8/8        EV: 10    Int:  8    God:    Okawaru [***...]
Gold:   614        SH: 11    Dex: 11    Spells: 0 memorised, 8 levels left

rFire  . . .     SeeInvis +     a - +0 trident
rCold  + . .     Gourm    .     b - +0 scale mail
rNeg   . . .     Faith    .     c - +0 shield
rPois  .         Spirit   .     (helmet unavailable)
rElec  .         Reflect  .     (no cloak)
rCorr  .         Harm     .     (no gloves)
MR     .....                    (no boots)
Stlth  ..........               (no amulet)
                                (no ring)
                                l - ring of protection from cold

@: no status effects
A: permanent stasis, dig shafts and tunnels, four strong arms, antennae 3, low
mp 1
a: Dig, Heroism, Renounce Religion


You were in the Dungeon.
You worshipped Okawaru.
Okawaru was most pleased with you.
You were not hungry.

You visited 1 branch You collected 614 gold pieces.

Inventory:

Hand Weapons
 a - a +0 trident (weapon)
Armour
 b - a +0 scale mail (worn)
 c - a +0 shield (worn)
Jewellery
 l - a ring of protection from cold (left hand)
Scrolls
 f - a scroll of fog {unknown}
 k - a scroll of blinking
 m - a scroll of amnesia {unknown}
 n - a scroll of enchant armour {unknown}
Potions
 e - a potion of curing
 g - a potion of heal wounds
 h - a potion of haste
 i - 2 potions of magic
 j - a potion of berserk rage
Comestibles
 d - 4 chunks of flesh


   Skills:
 + Level 13.0 Fighting
 + Level 11.9 Polearms
 + Level 13.0 Armour
 - Level 8.5 Shields


You had 8 spell levels left.
You didn't know any spells.

Dungeon Overview and Level Annotations

Branches:
Dungeon (1/1)

Altars:
Cheibriados
Dithmenos
Elyvilon
Fedhas
Gozag
Hepliaklqana
Kikubaaqudgha
Makhleb
Nemelex Xobeh
Okawaru
Qazlal
Ru
Sif Muna
Trog
Uskayaw
Vehumet
Xom
Yredelemnul
Zin
The Shining One
Jiyva
Lugonu

Shops:
D :


Innate Abilities, Weirdness & Mutations

You are under a permanent stasis effect.
You can dig through walls and to a lower floor.
Your four strong arms can wield two-handed weapons with a shield.
You have a pair of large antennae on your head. (SInv)
Your magical capacity is low. (-10% MP)


Message History

The deep troll barely misses you. The deep troll claws you!
* * * LOW HITPOINT WARNING * * *
The deep troll closely misses you.
You closely miss the deep troll.
The deep troll is almost dead.
You block the deep troll's attack. The deep troll claws you.
* * * LOW HITPOINT WARNING * * *
The deep troll claws you.
* * * LOW HITPOINT WARNING * * *
You hit the deep troll.
The deep troll is almost dead.
You hit the deep troll but do no damage.
The deep troll is almost dead.
You block the deep troll's attack. The deep troll claws you.
* * * LOW HITPOINT WARNING * * *
The deep troll claws you but does no damage.
You hit the deep troll.
The deep troll is almost dead.
The deep troll bites you!
You die...

#########################
<.#..)..#..'..#__#..)...#
..)..#..').#).)..'.)#...#
..#####'#####'#__####...+{{
..####..#...#.####§§#####{{
..#__####..##[#≈§≈.§#§.#
..#_____##'#§(§§§§§.§§y
⌠⌠#_.∩...'..._#§§§§§#
###_..__##_.#'##@####
#_____###'#.#.T..# {
####### #.####'### $ $.$ ${
##### { { { { {{ { { {


You could see a deep troll.

Vanquished Creatures
  2 centaur warriors (D)
  2 kobold demonologists (D)
  A slime creature (D)
  Sigmund (D)
  A yak (D)
  A floating eye (D)
  An ogre (D)
  A jelly (D)
  Ijyb (D)
11 creatures vanquished.

Notes
Turn   | Place    | Note
-------+----------+-------------------------------------------
     0 | D        | Mesmaeker13 the Formicid Fighter began the quest for the Orb.
     0 | D        | Reached XP level 1. HP: 18/18 MP: 1/1
     1 | D        | Noticed Ijyb
    33 | D        | Killed Ijyb
    33 | D        | Reached skill level 5 in Shields
    33 | D        | Reached XP level 2. HP: 3/26 MP: 2/2
    33 | D        | Reached XP level 3. HP: 4/31 MP: 3/3
   403 | D        | Noticed an ogre
   412 | D        | Killed an ogre
   412 | D        | Reached skill level 5 in Armour
   412 | D        | Reached XP level 4. HP: 6/40 MP: 4/4
   412 | D        | Reached XP level 5. HP: 7/46 MP: 5/5
   806 | D        | Noticed Sigmund
   811 | D        | Killed Sigmund
   811 | D        | Reached XP level 6. HP: 52/55 MP: 6/6
   938 | D        | Found a deep blue altar of Sif Muna.
   940 | D        | Found a radiant altar of Vehumet.
   987 | D        | Found Bugefet's Book Emporium.
   987 | D        | Found an ancient bone altar of Kikubaaqudgha.
   987 | D        | Found a hazy altar of Hepliaklqana.
   987 | D        | Found a stormy altar of Qazlal.
   987 | D        | Found a hide-covered altar of Uskayaw.
   987 | D        | Found a blossoming altar of Fedhas.
   987 | D        | Found a bloodstained altar of Trog.
   987 | D        | Found an iron altar of Okawaru.
   987 | D        | Found a basalt altar of Yredelemnul.
   987 | D        | Found a glowing golden altar of the Shining One.
   987 | D        | Found a snail-covered altar of Cheibriados.
   987 | D        | Found a sacrificial altar of Ru.
   987 | D        | Found a glowing silver altar of Zin.
   987 | D        | Found a shadowy altar of Dithmenos.
   987 | D        | Found a white marble altar of Elyvilon.
   987 | D        | Noticed a yak
   997 | D        | Killed a yak
   997 | D        | Reached XP level 7. HP: 44/63 MP: 7/7
  1062 | D        | Found an opulent altar of Gozag.
  1063 | D        | Found a sparkling altar of Nemelex Xobeh.
  1074 | D        | Became a worshipper of Warmaster Okawaru
  1109 | D        | Found a burning altar of Makhleb.
  1109 | D        | Found a viscous altar of Jiyva.
  1109 | D        | Found a shimmering altar of Xom.
  1109 | D        | Found a corrupted altar of Lugonu.
  1109 | D        | Noticed a slime creature
  1134 | D        | Killed a slime creature
  1134 | D        | Reached * piety under Okawaru
  1363 | D        | Noticed a kobold demonologist
  1364 | D        | Noticed a kobold demonologist
  1366 | D        | Reached skill level 10 in Fighting
  1366 | D        | Reached skill level 10 in Armour
  1366 | D        | Reached XP level 8. HP: 72/72 MP: 8/8
  1377 | D        | Killed a kobold demonologist
  1378 | D        | Noticed a ynoxinul
  1379 | D        | Noticed an ice devil
  1381 | D        | Gained mutation: Your magical capacity is low. (-10% MP) [a neqoxec]
  1386 | D        | Killed a kobold demonologist
  1386 | D        | Reached ** piety under Okawaru
  1386 | D        | Reached skill level 10 in Polearms
  1634 | D        | Noticed a centaur warrior
  1660 | D        | Killed a centaur warrior
  1660 | D        | Reached *** piety under Okawaru
  1660 | D        | Reached XP level 9. HP: 47/82 MP: 8/8
  1799 | D        | Noticed a centaur warrior
  1815 | D        | Killed a centaur warrior
  1960 | D        | Noticed a hornet
  1970 | D        | Noticed a deep troll
  1987 | D        | HP: 1/85 [deep troll (5)]
  1988 | D        | Mangled by a deep troll

Skill      XL: |  1  2  3  4  5  6  7  8  9 |
---------------+----------------------------+-----
Fighting       | 4 6 7 8 10 12 13 | 13.0
Polearms       | 3 4 6 7 9 11 | 11.9
Armour         | 4 5 7 8 10 12 13 | 13.0
Shields        | 5 6 8 |  8.5

Action                   |  1- 3 |  4- 6 |  7- 9 || total
-------------------------+-------+-------+-------++-------
Melee: Trident           |    41 |    20 |    99 ||   160
  Use: Potion            |       |       |     1 ||     1
  Eat: Bread ration      |       |       |     1 ||     1
Armor: Scale mail        |    10 |     3 |    19 ||    32
Dodge: Dodged            |     9 |     2 |    21 ||    32
Block: Shield            |    10 |     5 |    42 ||    57
